General information
- name: BNet
- type: Ladder team game (AT/RT)
- host: Battle.net
- saver: MsClausPlusNine
map: Everfrost
- players: 6
- length: 26:13
- speed: Fast
- version: 1.26 W3XP
- replay type:

» download(212 KB)
Players
team 1 (winner)
raIcOn (
purple | 40 APM | 1049 actions | 26:13)
3 Demon Hunter
2 Mana Burn
1 Evasion
3 Pandaren Brewmaster
2 Breath of Fire
1 Drunken Haze
» actions
| Assign group hotkey | 26 | |
| Build / train | 70 | |
| Enter build submenu | 19 | |
| Enter hero's abilities submenu | 6 | |
| Remove unit from queue | 2 | |
| Right click | 447 | |
| Select / deselect | 263 | |
| Select group hotkey | 162 | |
| Use ability | 54 | |
1049 total
» units
| Wisp | 10 | |
| Archer | 12 | |
| Huntress | 7 | |
| Hippogryph | 12 | |
| Dryad | 9 | |
| Mountain Giant | 1 | |
| Glaive Thrower | 2 | |
53 total
» upgrades
| Hippogryph Taming | 1 | |
| Abolish Magic | 1 | |
| Vorpal Blades | 1 | |
3 total
» buildings
| Ancient of War | 1 | |
| Moon Well | 10 | |
| Altar of Elders | 1 | |
| Hunter's Hall | 1 | |
| Ancient of Wonders | 1 | |
| Tree of Ages | 1 | |
| Ancient Protector | 2 | |
| Ancient of Wind | 1 | |
| Ancient of Lore | 1 | |
| Tree of Eternity | 1 | |
20 total
» build order
00:13 Ancient of War
00:16 Moon Well
00:32 Altar of Elders
01:44 Moon Well
02:27 Moon Well
02:33 Hunter's Hall
03:40 Ancient of Wonders
04:40 Moon Well
05:22 Tree of Ages
06:12 Ancient Protector
07:09 Ancient Protector
08:20 Ancient of Wind
08:25 Ancient of Lore
08:27 Tree of Eternity
10:58 Moon Well
11:34 Moon Well
12:53 Moon Well
14:18 Moon Well
15:57 Moon Well
16:39 Moon Well
» items
| Scroll of Town Portal | 2 | |
| Orb of Venom | 1 | |
3 total
Sven88 (
blue | 88 APM | 2312 actions | 26:13)
3 Paladin
1 Holy Light
1 Devotion Aura
1 Divine Shield
2 Mountain King
1 Storm Bolt
1 Bash
» actions
| Assign group hotkey | 46 | |
| Basic commands | 10 | |
| Build / train | 78 | |
| Enter build submenu | 31 | |
| Enter hero's abilities submenu | 5 | |
| Give item / drop item | 1 | |
| Remove unit from queue | 4 | |
| Right click | 920 | |
| Select / deselect | 325 | |
| Select group hotkey | 815 | |
| Use ability | 77 | |
2312 total
» units
| Peasant | 20 | |
| Footman | 9 | |
| Siege Engine | 19 | |
| Mortar Team | 3 | |
51 total
» upgrades
| Lumber Harvesting | 2 | |
| Plating | 2 | |
| Gunpowder | 2 | |
| Barrage | 1 | |
7 total
» buildings
| Altar of Kings | 1 | |
| Barracks | 1 | |
| Farm | 12 | |
| Scout Tower | 3 | |
| Arcane Tower | 1 | |
| Keep | 1 | |
| Lumber Mill | 1 | |
| Town Hall | 1 | |
| Guard Tower | 1 | |
| Arcane Vault | 1 | |
| Blacksmith | 1 | |
| Castle | 1 | |
| Workshop | 3 | |
28 total
» build order
00:13 Altar of Kings
00:19 Barracks
00:22 Farm
01:04 Farm
01:36 Scout Tower
02:11 Arcane Tower
02:21 Farm
03:15 Keep
03:18 Lumber Mill
04:06 Farm
04:45 Town Hall
04:48 Scout Tower
04:50 Scout Tower
06:10 Guard Tower
06:15 Farm
06:17 Farm
07:04 Arcane Vault
08:54 Blacksmith
09:18 Castle
10:23 Workshop
10:27 Workshop
11:07 Workshop
11:52 Farm
12:51 Farm
15:08 Farm
15:51 Farm
16:25 Farm
19:18 Farm
» items
| Potion of Lesser Invulnerability | 3 | |
| Scroll of Town Portal | 1 | |
| Scroll of Regeneration | 1 | |
5 total
ToFo (
red | 129 APM | 3374 actions | 26:13)
4 Far Seer
2 Feral Spirit
2 Chain Lighting
3 Shadow Hunter
2 Healing Wave
1 Hex
» actions
| Assign group hotkey | 81 | |
| Basic commands | 5 | |
| Build / train | 71 | |
| Enter build submenu | 23 | |
| Enter hero's abilities submenu | 7 | |
| Give item / drop item | 4 | |
| Remove unit from queue | 1 | |
| Right click | 1249 | |
| Select / deselect | 631 | |
| Select group hotkey | 1217 | |
| Use ability | 85 | |
3374 total
» units
| Peon | 12 | |
| Grunt | 4 | |
| Shaman | 8 | |
| Tauren | 12 | |
| Troll Batrider | 3 | |
| Demolisher | 1 | |
40 total
» upgrades
| Melee Weapons | 2 | |
| Armor | 2 | |
| Shaman Training | 2 | |
| Pulverize | 1 | |
| Burning Oil | 1 | |
8 total
» buildings
| Altar of Storms | 1 | |
| Orc Burrow | 9 | |
| Barracks | 1 | |
| Voodoo Lounge | 1 | |
| Stronghold | 1 | |
| War Mill | 1 | |
| Spirit Lodge | 1 | |
| Fortress | 1 | |
| Tauren Totem | 2 | |
| Beastiary | 1 | |
| Great Hall | 1 | |
20 total
» build order
00:07 Altar of Storms
00:20 Orc Burrow
00:41 Barracks
01:31 Orc Burrow
01:59 Voodoo Lounge
02:50 Stronghold
03:30 Orc Burrow
04:43 War Mill
05:25 Spirit Lodge
05:27 Fortress
06:32 Orc Burrow
07:58 Tauren Totem
08:24 Tauren Totem
08:52 Orc Burrow
11:01 Orc Burrow
11:52 Orc Burrow
13:11 Orc Burrow
13:32 Orc Burrow
20:12 Beastiary
20:35 Great Hall
» items
| Healing Salve | 3 | |
| Scroll of Town Portal | 1 | |
| Potion of Healing | 1 | |
| Lesser Clarity Potion | 6 | |
11 total
team 2 (loser)
JesusIsMyWigman (
yellow | 122 APM | 3208 actions | 26:13)
4 Archmage
2 Blizzard
2 Brilliance Aura
3 Mountain King
2 Storm Bolt
1 Bash
2 Paladin
1 Holy Light
1 Divine Shield
» actions
| Assign group hotkey | 362 | |
| Basic commands | 38 | |
| Build / train | 117 | |
| Enter build submenu | 96 | |
| Enter hero's abilities submenu | 9 | |
| Give item / drop item | 4 | |
| Remove unit from queue | 1 | |
| Right click | 1518 | |
| Select / deselect | 326 | |
| Select group hotkey | 510 | |
| Use ability | 226 | |
3208 total
» units
» upgrades
| Masonry | 3 | |
| Lumber Harvesting | 2 | |
| Magic Sentry | 1 | |
6 total
» buildings
| Altar of Kings | 1 | |
| Farm | 4 | |
| Scout Tower | 104 | |
| Lumber Mill | 1 | |
| Arcane Tower | 10 | |
| Guard Tower | 38 | |
| Keep | 1 | |
| Arcane Vault | 6 | |
| Castle | 1 | |
| Arcane Sanctum | 1 | |
| Town Hall | 4 | |
171 total
» build order
00:04 Altar of Kings
00:19 Farm
00:45 Farm
01:14 Farm
01:23 Scout Tower
01:34 Lumber Mill
01:49 Scout Tower
01:52 Scout Tower
01:55 Scout Tower
01:56 Arcane Tower
02:18 Scout Tower
02:22 Arcane Tower
02:32 Arcane Tower
02:47 Guard Tower
02:47 Guard Tower
02:47 Guard Tower
02:52 Scout Tower
03:33 Guard Tower
03:35 Scout Tower
03:39 Keep
03:40 Guard Tower
03:43 Arcane Vault
03:50 Scout Tower
04:00 Scout Tower
04:03 Guard Tower
04:08 Arcane Vault
04:41 Guard Tower
05:29 Guard Tower
05:33 Scout Tower
05:54 Scout Tower
05:55 Scout Tower
05:57 Scout Tower
06:23 Arcane Tower
06:24 Guard Tower
06:24 Guard Tower
07:01 Scout Tower
07:03 Scout Tower
07:04 Scout Tower
07:06 Scout Tower
07:22 Arcane Tower
07:28 Scout Tower
08:13 Scout Tower
08:14 Scout Tower
08:16 Castle
08:19 Arcane Sanctum
08:23 Scout Tower
08:32 Arcane Vault
08:34 Arcane Vault
08:42 Guard Tower
08:50 Scout Tower
08:57 Guard Tower
09:42 Scout Tower
11:05 Guard Tower
11:10 Scout Tower
11:11 Scout Tower
11:19 Farm
12:16 Guard Tower
12:18 Scout Tower
12:26 Town Hall
12:49 Guard Tower
13:08 Town Hall
13:29 Scout Tower
13:31 Scout Tower
13:33 Scout Tower
13:49 Scout Tower
13:50 Scout Tower
13:54 Scout Tower
13:55 Scout Tower
13:58 Town Hall
14:02 Scout Tower
14:03 Scout Tower
14:05 Scout Tower
14:06 Scout Tower
14:07 Scout Tower
14:08 Scout Tower
14:30 Guard Tower
14:34 Scout Tower
14:35 Scout Tower
14:35 Scout Tower
14:36 Scout Tower
14:37 Scout Tower
14:38 Scout Tower
14:50 Arcane Tower
14:50 Guard Tower
14:53 Scout Tower
14:53 Scout Tower
14:58 Scout Tower
14:58 Scout Tower
14:59 Scout Tower
15:14 Guard Tower
15:15 Scout Tower
15:16 Scout Tower
15:45 Guard Tower
15:46 Scout Tower
15:47 Scout Tower
16:40 Guard Tower
16:41 Scout Tower
16:42 Scout Tower
16:44 Guard Tower
16:52 Guard Tower
16:55 Scout Tower
16:55 Scout Tower
16:56 Scout Tower
16:58 Scout Tower
18:17 Guard Tower
18:20 Scout Tower
18:21 Scout Tower
18:26 Arcane Vault
18:34 Guard Tower
19:22 Guard Tower
19:24 Scout Tower
19:25 Scout Tower
19:27 Guard Tower
19:33 Town Hall
19:38 Scout Tower
19:40 Scout Tower
19:41 Scout Tower
19:46 Scout Tower
19:47 Scout Tower
19:48 Scout Tower
19:59 Guard Tower
20:21 Scout Tower
20:21 Scout Tower
20:24 Scout Tower
20:25 Scout Tower
20:27 Arcane Tower
20:33 Arcane Tower
20:34 Scout Tower
20:35 Scout Tower
21:00 Guard Tower
21:00 Guard Tower
22:42 Scout Tower
22:43 Scout Tower
22:43 Scout Tower
22:44 Scout Tower
22:45 Scout Tower
23:04 Guard Tower
23:09 Scout Tower
23:10 Scout Tower
23:17 Arcane Tower
23:19 Arcane Vault
23:20 Guard Tower
23:22 Scout Tower
23:23 Scout Tower
23:24 Scout Tower
23:26 Scout Tower
23:27 Scout Tower
23:29 Scout Tower
23:56 Guard Tower
23:59 Arcane Tower
24:00 Guard Tower
24:13 Scout Tower
24:14 Scout Tower
24:15 Scout Tower
24:15 Scout Tower
24:16 Scout Tower
24:17 Scout Tower
24:20 Scout Tower
24:21 Scout Tower
24:21 Scout Tower
24:22 Scout Tower
24:23 Scout Tower
24:23 Scout Tower
24:26 Guard Tower
24:28 Scout Tower
24:29 Scout Tower
24:30 Scout Tower
24:37 Guard Tower
25:21 Guard Tower
25:44 Guard Tower
26:13 Guard Tower
» items
| Boots of Speed | 3 | |
| Staff of Teleportation | 3 | |
| Staff of Sanctuary | 3 | |
| Orb of Lightning | 2 | |
| Lesser Clarity Potion | 1 | |
| Scroll of Regeneration | 1 | |
| Circlet of Nobility | 1 | |
14 total
MerryChristando (
pink | 104 APM | 2727 actions | 26:13)
6 Blademaster
2 Wind Walk
3 Critical Strike
1 Bladestorm
» actions
| Assign group hotkey | 75 | |
| Basic commands | 33 | |
| Build / train | 66 | |
| ESC pressed | 8 | |
| Enter build submenu | 81 | |
| Enter hero's abilities submenu | 6 | |
| Give item / drop item | 4 | |
| Remove unit from queue | 4 | |
| Right click | 1645 | |
| Select / deselect | 347 | |
| Select group hotkey | 233 | |
| Use ability | 223 | |
2727 total
» units
» upgrades
| Liquid Fire | 1 | |
| Ranged Weapons | 3 | |
| Armor | 1 | |
5 total
» buildings
| Altar of Storms | 1 | |
| Orc Burrow | 4 | |
| War Mill | 1 | |
| Watch Tower | 71 | |
| Stronghold | 2 | |
| Voodoo Lounge | 2 | |
| Fortress | 4 | |
| Beastiary | 2 | |
| Great Hall | 1 | |
88 total
» build order
00:05 Altar of Storms
00:06 Orc Burrow
00:19 War Mill
01:33 Watch Tower
01:49 Watch Tower
02:13 Watch Tower
02:25 Orc Burrow
03:11 Watch Tower
03:12 Stronghold
03:13 Stronghold
03:34 Voodoo Lounge
03:44 Watch Tower
04:27 Watch Tower
04:33 Watch Tower
04:34 Watch Tower
06:04 Watch Tower
06:05 Watch Tower
06:17 Fortress
06:17 Fortress
06:17 Fortress
06:22 Watch Tower
06:23 Watch Tower
06:27 Watch Tower
06:32 Watch Tower
06:50 Watch Tower
06:54 Watch Tower
07:10 Watch Tower
07:12 Watch Tower
07:16 Beastiary
08:33 Watch Tower
08:33 Watch Tower
08:49 Beastiary
08:54 Watch Tower
08:55 Watch Tower
08:55 Watch Tower
09:39 Watch Tower
09:40 Watch Tower
10:11 Orc Burrow
10:57 Orc Burrow
11:09 Voodoo Lounge
11:32 Watch Tower
12:26 Watch Tower
13:07 Watch Tower
13:23 Watch Tower
14:08 Watch Tower
14:52 Watch Tower
14:52 Watch Tower
18:34 Watch Tower
18:35 Watch Tower
19:52 Watch Tower
19:56 Watch Tower
19:56 Watch Tower
19:57 Watch Tower
19:58 Watch Tower
19:59 Watch Tower
20:00 Watch Tower
20:00 Watch Tower
20:01 Watch Tower
20:06 Watch Tower
20:06 Watch Tower
20:07 Watch Tower
20:07 Watch Tower
20:21 Watch Tower
22:54 Watch Tower
22:54 Watch Tower
22:56 Watch Tower
22:57 Watch Tower
22:58 Watch Tower
22:59 Watch Tower
23:05 Watch Tower
23:05 Watch Tower
23:07 Watch Tower
23:08 Watch Tower
23:11 Watch Tower
23:14 Watch Tower
23:15 Watch Tower
23:15 Watch Tower
23:17 Watch Tower
23:34 Watch Tower
23:36 Watch Tower
23:36 Watch Tower
23:38 Watch Tower
23:39 Watch Tower
24:40 Watch Tower
24:41 Great Hall
24:44 Watch Tower
24:45 Watch Tower
» items
| Boots of Speed | 1 | |
| Staff of Teleportation | 1 | |
| Healing Salve | 3 | |
| Lesser Clarity Potion | 6 | |
| Scroll of Town Portal | 1 | |
| Orb of Lightning | 1 | |
13 total
MsClausPlusNine (
green | 118 APM | 3090 actions | 26:13)
5 Warden
2 Shadow Strike
3 Blink
» actions
| Assign group hotkey | 13 | |
| Build / train | 53 | |
| Enter build submenu | 21 | |
| Enter hero's abilities submenu | 5 | |
| Give item / drop item | 3 | |
| Right click | 2144 | |
| Select / deselect | 246 | |
| Select group hotkey | 341 | |
| Use ability | 264 | |
3090 total
» units
» upgrades
| Ultravision | 1 | |
| Strength of the Wild | 3 | |
| Well Spring | 1 | |
| Nature's Blessing | 1 | |
| Corrosive Breath | 1 | |
| Reinforced Hides | 1 | |
8 total
» buildings
| Altar of Elders | 1 | |
| Moon Well | 10 | |
| Tree of Ages | 1 | |
| Hunter's Hall | 1 | |
| Tree of Eternity | 1 | |
| Ancient of Wonders | 1 | |
| Ancient of Wind | 1 | |
| Chimaera Roost | 2 | |
| Tree of Life | 3 | |
21 total
» build order
00:10 Altar of Elders
00:26 Moon Well
00:59 Moon Well
04:31 Tree of Ages
04:44 Moon Well
05:06 Hunter's Hall
06:00 Moon Well
06:55 Moon Well
07:49 Moon Well
07:51 Tree of Eternity
08:33 Ancient of Wonders
09:31 Ancient of Wind
10:50 Chimaera Roost
10:51 Chimaera Roost
12:19 Tree of Life
13:34 Tree of Life
18:29 Tree of Life
22:47 Moon Well
22:47 Moon Well
22:48 Moon Well
22:49 Moon Well
» items
| Boots of Speed | 1 | |
| Lesser Clarity Potion | 2 | |
| Staff of Teleportation | 1 | |
| Healing Salve | 5 | |
| Orb of Lightning | 2 | |
| Staff of Sanctuary | 1 | |
12 total
Chat log
(18:06 / All) MsClausPlusNine: BYE
(18:08 / All) JesusIsMyWigman: bye :)
(23:10 / Allies) MsClausPlusNine: retreet
(24:54 / All) MsClausPlusNine: christandoLIV
(25:46 / All) JesusIsMyWigman: blue
(25:47 / All) JesusIsMyWigman: Noob?
(26:11 / All) MsClausPlusNine: i lov it
(26:13 / All) MsClausPlusNine: I LOVE U